 Dungeon Crawl Stone Soup version 0.30-a0-1094-g860fb061e7 (webtiles) character file.

Game seed: 4515151819645291576

3410 Pimp the Cleaver (level 10, -5/91 HPs)
             Began as a Hill Orc Fighter on Apr 17, 2023.
             Was a Priest of Okawaru.
             Slain by a hornet (10 damage)
             ... on level 8 of the Dungeon.
             The game lasted 00:14:03 (7961 turns).

Pimp the Cleaver (Hill Orc Fighter)                 Turns: 7961, Time: 00:14:03

Health: -5/91      AC: 12    Str: 24    XL:     10   Next: 4%
Magic:  10/10      EV:  9    Int:  8    God:    Okawaru [***...]
Gold:   468        SH:  5    Dex: 10    Spells: 9/9 levels left

rFire   + . .      SeeInvis .    a - +1 war axe
rCold   + + .      Faith    .    c - +0 buckler
rNeg    . . .      Spirit   .    u - +1 scale mail {rC+}
rPois   .          Reflect  .    (no helmet)
rElec   .          Rampage  .    j - scarf {rC+ rF+}
rCorr   .                        p - +0 pair of gloves
Will    .....                    l - +0 pair of boots Stlth
                                 (no amulet)
HPRegen 0.35/turn                (no ring)
MPRegen 0.12/turn                (no ring)

@: lethally poisoned (-5 -> -12), hasted and slowed
A: no striking features
a: Renounce Religion, Heroism


You were on level 8 of the Dungeon.
You worshipped Okawaru.
Okawaru was most pleased with you.
You visited 2 branches of the dungeon, and saw 9 of its levels.

You collected 468 gold pieces.

Inventory:

Hand Weapons
 a - a +1 war axe (weapon)
Armour
 b - a +0 scale mail
 c - a +0 buckler (worn)
 j - a scarf of resistance (worn)
 l - a +0 pair of boots (worn)
 p - a +0 pair of gloves (worn)
 u - a +1 scale mail of cold resistance (worn)
 x - a +0 plate armour
Jewellery
 e - a ring of flight
 f - a ring of positive energy
 h - a ring of positive energy
 o - a ring of magical power
 s - a ring of wizardry
 z - a ring of protection from fire
Wands
 g - a wand of flame (20)
 A - a wand of acid (9)
Scrolls
 i - 3 scrolls of noise
 k - a scroll of poison
 v - 2 scrolls of teleportation
 y - a scroll of identify
Potions
 d - 2 potions of might
 m - a potion of flight
 n - 2 potions of attraction
 q - 3 potions of lignification
 r - a potion of haste
 t - 4 potions of curing
 w - a potion of ambrosia
 B - a potion of invisibility


   Skills:
 + Level 9.1 Fighting
 + Level 9.5 Axes
 + Level 8.3 Armour
 + Level 8.4 Shields


You had 9 spell levels left.
You didn't know any spells.
Your spell library contained the following spells:

 Spells                   Type           Power      Damage    Failure   Level
 Sting                    Tmut/Pois      0%         1d3       75%         1
 Blink                    Tloc           0%         N/A       87%         2
 Ensorcelled Hibernation  Hex/Ice        0%         N/A       87%         2
 Lesser Beckoning         Tloc           0%         N/A       87%         2
 Momentum Strike          Conj/Tloc      0%         3d8       87%         2
 Poisonous Vapours        Pois/Air       0%         N/A       87%         2
 Gell's Gravitas          Tloc           0%         N/A       98%         3
 Portal Projectile        Hex/Tloc       0%         N/A       98%         3
 Spider Form              Tmut/Pois      0%         N/A       98%         3
 Teleport Other           Tloc           0%         N/A       98%         3
 Anguish                  Hex/Necr       0%         N/A       100%        4
 Leda's Liquefaction      Hex/Erth       0%         N/A       100%        4
 Olgreb's Toxic Radiance  Pois           0%         N/A       100%        4
 Call Imp                 Summ           Unusable   N/A       N/A         2
 Call Canine Familiar     Summ           Unusable   N/A       N/A         3

Dungeon Overview and Level Annotations

Branches:
Dungeon (8/15)             Temple (1/1) D:4
   Lair: D:8-11

Altars:
Cheibriados
Dithmenos
Elyvilon
Fedhas
Gozag
Hepliaklqana
Kikubaaqudgha
Makhleb
Nemelex Xobeh
Okawaru
Ru
Sif Muna
Trog
Uskayaw
Vehumet
Wu Jian
Xom
Yredelemnul
Zin
The Shining One

Shops:
D:1 *

Annotations:
D:1 1 transporter


Message History

You completely miss the orc wizard. You slash the orc!
You kill the orc!
Okawaru accepts your kill. You block the hornet's attack.
The orc wizard hits you but does no damage.
The orc priest hits you but does no damage.
You slash the hornet!
The hornet is moderately wounded.
You slash the orc wizard!
You kill the orc wizard!
Okawaru accepts your kill.
You closely miss the orc priest. You block the hornet's attack.
A jelly comes into view.
You block the hornet's attack.
The orc priest threatens, "By the altar or by the axe, you will meet Beogh!"
The orc priest hits you with a +0 dagger.
* * * LOW HITPOINT WARNING * * *
The orc priest shouts, "Beogh is our master!
Accept the truth or die!"
You slash the hornet!
The hornet is heavily wounded.
You barely miss the orc priest.
The orc priest shouts, "Beogh is our master!
Accept the truth or die!"
The hornet stings you!
* * * LOW HITPOINT WARNING * * *
You are poisoned.
You feel as though you will be slow longer.
The orc priest mumbles some strange prayers to Beogh against you.
Pain shoots through your body!
* * * LOW HITPOINT WARNING * * *
The orc priest threatens, "By the altar or by the axe, you will meet Beogh!"
You hit the hornet.
The hornet is severely wounded.
The orc priest threatens, "By the altar or by the axe, you will meet Beogh!"
You hit the orc priest.
You kill the orc priest!
Okawaru accepts your kill.
* * * LOW HITPOINT WARNING * * *
You feel very sick. The hornet stings you!
You die...

##.. #.##.##..#
...##..#.##..# ...
..##........###..###..
#.......†.............
####.##..#.##....... ....
.........................
####..........##.###.....
$......†.......))........
####.###.#.....y@).......
................))#......
.........................
...†.###.#.##.###...####.
###..###.#.##.....>.#
......................
........................
###..###.#.#.####..##.##
.................... ...
#...


You could see a hornet.

Vanquished Creatures
  Sigmund (D:4)
  A wraith (D:6)
  Eustachio (D:4)
  Menkaure (D:4)
  An orc warrior (D:6)
  2 sky beasts
  A black bear (D:8)
  An ice beast (D:5)
  3 centaurs
  A phantom (D:5)
  3 bullfrogs (D:7)
  4 scorpions
  10 wights
  4 howler monkeys
  2 jellies
  6 orc priests
  2 gnoll boudas (D:6)
  6 hounds
  An iguana (D:6)
  A sleepcap (D:5)
  Natasha (twice) (D:2)
  4 orc wizards
  A hound skeleton (D:4)
  11 gnolls
  7 adders
  2 white imps
  An ufetubus (D:6)
  An adder skeleton (D:4)
  3 dart slugs (D:2)
  22 orcs
  9 endoplasms
  3 giant cockroaches
  10 goblins
  5 hobgoblins
  16 jackals
  4 quokkas
  2 ball pythons
  6 bats
  4 frilled lizards
  3 kobolds
  4 rats
172 creatures vanquished.

Notes
Turn   | Place    | Note
-------+----------+-------------------------------------------
     0 | D:1      | Pimp the Hill Orc Fighter began the quest for the Orb.
     0 | D:1      | Reached XP level 1. HP: 19/19 MP: 1/1
   243 | D:1      | Reached XP level 2. HP: 25/27 MP: 2/2
   537 | D:1      | Found Xucsiap's Assorted Antiques.
   617 | D:1      | Reached XP level 3. HP: 30/33 MP: 3/3
  1306 | D:2      | Reached XP level 4. HP: 40/40 MP: 4/4
  1372 | D:2      | Noticed Sigmund
  1509 | D:2      | Noticed Natasha
  1519 | D:2      | Killed Natasha
  1611 | D:2      | Noticed Natasha
  1621 | D:2      | Killed Natasha
  1622 | D:2      | Reached XP level 5. HP: 38/47 MP: 5/5
  1851 | D:3      | Found a sacrificial altar of Ru.
  1948 | D:3      | Found a glowing golden altar of the Shining One.
  2511 | D:4      | Killed Sigmund
  2512 | D:4      | Reached skill level 5 in Fighting
  2512 | D:4      | Reached XP level 6. HP: 53/56 MP: 6/6
  2518 | D:4      | Reached skill level 5 in Axes
  2616 | D:4      | Found a staircase to the Ecumenical Temple.
  2688 | D:4      | Reached skill level 5 in Shields
  2758 | D:4      | Reached skill level 5 in Armour
  2758 | D:4      | Reached XP level 7. HP: 44/61 MP: 7/7
  2823 | D:4      | Found a transporter.
  2840 | D:4      | Found a transporter.
  2840 | D:4      | Found a basalt altar of Yredelemnul.
  2844 | D:4      | Noticed Menkaure
  2849 | D:4      | Noticed Eustachio
  2850 | D:4      | Found an ancient bone altar of Kikubaaqudgha.
  2897 | D:4      | Killed Eustachio
  2969 | D:4      | Killed Menkaure
  3358 | Temple   | Entered the Ecumenical Temple
  3496 | Temple   | Became a worshipper of Warmaster Okawaru
  3865 | D:5      | Entered Level 5 of the Dungeon
  3878 | D:5      | Reached XP level 8. HP: 60/71 MP: 8/8
  4443 | D:5      | Reached * piety under Okawaru
  5195 | D:6      | Noticed a wraith
  5216 | D:6      | Killed a wraith
  5401 | D:7      | Reached ** piety under Okawaru
  5402 | D:7      | Reached XP level 9. HP: 31/79 MP: 9/9
  5711 | D:6      | Found a shimmering blue altar of Sif Muna.
  5728 | D:6      | Got Sif Muna's Verses on the Commander
  5808 | D:6      | Found a bloodstained altar of Trog.
  6530 | D:7      | Found a shadowy altar of Dithmenos.
  6771 | D:7      | Found an opulent altar of Gozag.
  7243 | D:7      | Reached *** piety under Okawaru
  7934 | D:8      | Reached XP level 10. HP: 69/91 MP: 10/10
  7951 | D:8      | Paralysed by a hornet for 1 turns
  7961 | D:8      | Slain by a hornet

Illustrated notes

Levels and vault maps discovered:
D:1:      spicycebolla_arrival_risky_transporter, layout_loops_ring,
          serial_shops, nicolae_shop_pleasant_corner_grove
D:2:      layout_rooms, minmay_tromino_v4_a, uniq_natasha, uniq_sigmund
D:3:      layout_basic, mainiacjoe_overflow_chevrons, tso_altar
D:4:      layout_cave_pools, gammafunk_temple_of_torment,
          minmay_temple_entry_tees, eino_small_chamber_without_monster,
          kennysheep_flooded_box, uniq_eustachio
D:5:      layout_basic, amcnicky_mini_pool_small, corner_web_ring
D:6:      layout_rooms, nzn_overflow_gifts_of_might_and_magic,
          grunt_ministairs_2
D:7:      layout_basic, lemuel_doored_altar, nicolae_dithmenos_the_darkroom
D:8:      layout_basic, mainiacjoe_overflow_tiny_flanked, serial_shops, shop
Temple:   minmay_temple_forest_path

Skill      XL: |  1  2  3  4  5  6  7  8  9 |
---------------+----------------------------+-----
Axes           | 3 4 5 6 7 9 |  9.5
Fighting       | 4 5 6 7 9 |  9.1
Armour         | 4 5 6 8 |  8.3
Shields        | 4 5 7 8 |  8.4

Action                     |  1- 3 |  4- 6 |  7- 9 | 10-12 || total
---------------------------+-------+-------+-------+-------++-------
  Melee: War axe           |   107 |   123 |   346 |    13 ||   589
    Use: Potion            |       |       |     2 |     3 ||     5
         Scroll            |       |       |    18 |       ||    18
   Stab: Fleeing           |       |       |     1 |       ||     1
 Armour: Scale mail        |    82 |    63 |   212 |    43 ||   400
         Skin              |       |     2 |       |       ||     2
  Dodge: Dodged            |    66 |    61 |   233 |    23 ||   383
  Block: Buckler           |    38 |    23 |   115 |    14 ||   190

Table legend: (Time is in decaauts)
 A = Elapsed time spent in this place.
 B = Non-inter-level travel time spent in this place.
 C = Inter-level travel time spent in this place.
 D = Time resting spent in this place.
 E = Time spent auto-exploring this place.
 F = Levels seen in this place.
 G = Mean time per level.
                   A        B        C        D        E       F      G
               +--------+--------+--------+--------+--------+-----+--------+
         Total |   8099 |   7729 |    370 |   1037 |   5072 |   9 |  899.9 |
       Dungeon |   7614 |   7421 |    193 |   1037 |   4788 |   8 |  951.8 |
        Temple |    484 |    307 |    177 |      0 |    284 |   1 |  484.0 |
               +--------+--------+--------+--------+--------+-----+--------+

Top non-repeatable levels by time:
     D:7: 1577 daAuts
     D:5: 1319 daAuts
     D:4: 1114 daAuts
     D:1: 1107 daAuts
     D:6: 1050 daAuts
     D:2: 629 daAuts
     D:3: 620 daAuts
  Temple: 484 daAuts
     D:8: 196 daAuts
